 Dungeon Sprint DCSS version 0.24.0-13-gcf9b319 (webtiles) character file.

Game seed: 17127149791856218334, levelgen mode: deterministic

8244 Fang the Fighter (level 11, -9/120 HPs)
             Began as a Gargoyle Berserker on Nov 18, 2019.
             Was the Champion of Trog.
             Killed from afar by a hellion (19 damage)
             ... with damnation
             ... in the Dungeon (Sprint V: "Ziggurat Sprint") on Nov 19, 2019.
             The game lasted 00:05:41 (530 turns).

Fang the Fighter (Gargoyle Berserker)                Turns: 530, Time: 00:05:41

Health: -9/120     AC: 42    Str: 35    XL:     11   Next: 27%
Magic:  11/11      EV:  7    Int: 11    God:    Trog [******]
Gold:   0          SH: 31    Dex:  9    Spells: 10/10 levels left

rFire    . . .     SeeInvis +   g - +14 obsidian axe {chop, +Fly SInv *Curse} (curse)
rCold    . . .     Gourm    .   E - +18 shield of the Gong {rElec rN+ MR+ EV-5}
rNeg     + + .     Faith    .   b - +15 Maxwell's patent armour {-Cast -Tele rElec MR+ rCorr}
rPois    ∞         Spirit   .   H - +2 helmet {Int+3}
rElec    +         Reflect  .   (no cloak)
rCorr    +         Harm     .   (no gloves)
MR       ++++.     NoTele   +   (no boots) Stlth ..........NoCast +
                                z - amulet of regeneration
HPRegen  1.70/turn              C - +6 ring of strength
MPRegen  0.12/turn              A - ring of resist corrosion

@: berserking, mesmerised, regenerating, very quick
A: negative energy resistance 1, electricity resistance, unbreathing,
petrification resistance, rot immunity, AC +8
a: Berserk, Trog's Hand, Brothers in Arms, Renounce Religion, Evoke Flight


You were in the Dungeon.
You worshipped Trog.
Trog was exalted by your worship.
You were very hungry.

You visited 1 branch

Inventory:

Hand Weapons
 a - a +5 broad axe
 g - the cursed +14 obsidian axe (weapon) {chop, +Fly SInv *Curse}
   (You found it in the Dungeon)

   It inflicts extra damage upon your enemies.
   It lets you see invisible.
   It lets you fly.
   It curses itself when equipped.
   It has a curse placed upon it.
 y - a +6 war axe of flaming
 B - a +2 antimagic executioner's axe
 G - the +8 broad axe of Askac {freeze, Str+4 Int+7}
   (You found it in the Dungeon)

   It has been specially enchanted to freeze those struck by it, causing extra
   injury to most foes and up to half again as much damage against particularly
   susceptible opponents.
   It can also slow down cold-blooded creatures.
   It affects your strength (+4).
   It affects your intelligence (+7).
Armour
 b - the +15 Maxwell's patent armour (worn) {-Cast -Tele rElec MR+ rCorr}
   (You found it in the Dungeon)

   It insulates you from electricity.
   It affects your resistance to hostile enchantments.
   It prevents spellcasting.
   It prevents most forms of teleportation.
   It provides partial protection from all sources of acid and corrosion.
 E - the +18 shield of the Gong (worn) {rElec rN+ MR+ EV-5}
   (You found it in the Dungeon)

   It affects your evasion (-5).
   It insulates you from electricity.
   It protects you from negative energy.
   It affects your resistance to hostile enchantments.
 H - a +2 helmet of intelligence (worn)
Jewellery
 z - an amulet of regeneration (around neck)
 A - a ring of resist corrosion (right hand)
 C - a +6 ring of strength (left hand)
 D - a +6 ring of strength
 F - an uncursed ring of stealth
 I - a +6 ring of dexterity
 J - an uncursed ring of magical power
 K - an uncursed ring of ice
Wands
 u - a wand of disintegration (7)
 v - a wand of iceblast (7)
 w - a wand of acid (7)
Scrolls
 i - 4 scrolls of blinking
 j - 7 scrolls of fog
 k - a scroll of holy word
 l - 5 scrolls of identify
 m - 5 scrolls of remove curse
 n - 2 scrolls of fear
 x - a scroll of acquirement
Potions
 d - 10 potions of curing
 e - 10 potions of heal wounds
 f - 10 potions of haste
 h - 3 potions of berserk rage
 p - 2 potions of invisibility
 q - 4 potions of resistance
 r - a potion of experience
 s - 5 potions of agility
 t - 5 potions of might
Comestibles
 c - 7 rations
 o - 29 chunks of flesh


   Skills:
 + Level 14.0 Fighting
 + Level 12.0 Axes
 + Level 13.8 Armour
 + Level 11.0 Dodging
 + Level 10.1 Shields


You had 10 spell levels left.
You didn't know any spells.
Your spell library was empty.

Dungeon Overview and Level Annotations

Branches:
Dungeon (1/1)

Altars:
Ashenzari
Cheibriados
Dithmenos
Elyvilon
Fedhas
Gozag
Hepliaklqana
Kikubaaqudgha
Makhleb
Nemelex Xobeh
Okawaru
Qazlal
Ru
Sif Muna
Trog
Uskayaw
Vehumet
Wu Jian
Xom
Yredelemnul
Zin
The Shining One
Beogh
Jiyva
Lugonu


Innate Abilities, Weirdness & Mutations

You are resistant to torment.
Your stone body is resilient. (AC +8)
You are immune to poison.
You resist negative energy. (rN+)
You are resistant to electric shocks. (rElec)
You can survive without breathing.
You are immune to petrification.
You are immune to rotting.


Message History

Your soul eater hits the adder zombie!!
The adder zombie is destroyed!
Trog accepts your kill. The hellion gestures at you.
The sphere of damnation explodes!
The damnation engulfs you!!
* * * LOW HITPOINT WARNING * * *
The damnation engulfs your soul eater!!
The damnation engulfs the wight!
The wight is destroyed!
A red film seems to cover your vision as you go berserk!
You feel yourself moving faster!
You feel mighty!
You are feeling very hungry.
The bat skeleton hits your soul eater but does no damage. x2
The tormentor hits your red devil.
The tormentor closely misses your red devil.
The red devil hits your red devil with a +0 trident!
Your red devil dies!
The bat skeleton closely misses your soul eater.
The hellion gestures at you.
The sphere of damnation explodes!
The damnation engulfs you!!
You die...

▓...8©8...▓
▓..[=)|)..▓..[:[:...▓
▓..?))[[..▓.....[[..▓
▓..2......▓.........▓
▓...W.....▓.........▓
▓..4.2....▓....|)...▓
▓.Z.Z2....▓.........▓
▓..3).....▓.........▓
▓.▓.@...▓.▓....©....▓
▓...)©....▓▓▓▓▓▓▓▓▓▓▓
▓▓▓▓▓▓▓▓▓▓▓


You could see a reaper, a hellion, a tormentor, a red devil, a shadow
(invisible), a giant cockroach zombie, a bat skeleton and a friendly soul eater.

Vanquished Creatures
  A deep elf demonologist (D)
  A red draconian (D)
  A dancing weapon (D)
  A deep elf knight (D)
  A deep elf archer (D)
  5 deep elf magi (D)
  An ugly thing (D)
  A draconian (D)
  A rust devil (D)
  A rime drake (shapeshifter) (D)
  4 merfolk (D)
  An air elemental (D)
  A wyvern (shapeshifter) (D)
  2 fire elementals (D)
  2 black bears (D)
  A swamp drake (shapeshifter) (D)
  2 necrophages (D)
  A wolf (D)
  A wight (D)
  2 iron imps (D)
  2 orc wizards (D)
  A shadow imp (D)
  2 white imps (D)
  An ufetubus (D)
  An orc (D)
  A ball python skeleton (D)
  A quokka zombie (D)
40 creatures vanquished.

Vanquished Creatures (collateral kills)
  A chaos spawn (D)
  A hell hound (D)
  2 black bears (D)
  A wolf (D)
  A centaur (shapeshifter) (D)
  A quasit (D)
  2 orc priests (D)
  An adder zombie (D)
  An adder skeleton (D)
  A leopard gecko zombie (D)
  A quokka skeleton (D)
13 creatures vanquished.

Vanquished Creatures (others)
  A dancing weapon (D)
  A deep elf mage (D)
  A wight (D)
3 creatures vanquished.

Grand Total: 56 creatures vanquished

Notes
Turn   | Place    | Note
-------+----------+-------------------------------------------
     0 | D        | Fang the Gargoyle Berserker began the quest for the Orb.
     0 | D        | Reached XP level 1. HP: 14/14 MP: 1/1
     1 | D        | Found a blossoming altar of Fedhas.
     2 | D        | Found the +6 Majin-Bo {vamp, Archmagi MP+6 Int+6}
     2 | D        | Found the +7 great mace "Firestarter" {inner flame, rF++}
     3 | D        | Found a viscous altar of Jiyva.
     3 | D        | Found a hazy altar of Hepliaklqana.
     3 | D        | Found a transporter.
     3 | D        | Found an opulent altar of Gozag.
     3 | D        | Found an ancient bone altar of Kikubaaqudgha.
     3 | D        | Found a corrupted altar of Lugonu.
    15 | D        | Found a burning altar of Makhleb.
    17 | D        | Found a stormy altar of Qazlal.
    17 | D        | Found an iron altar of Okawaru.
    17 | D        | Found a sacrificial altar of Ru.
    17 | D        | Found a sparkling altar of Nemelex Xobeh.
    17 | D        | Found a shimmering blue altar of Sif Muna.
    17 | D        | Found a bloodstained altar of Trog.
    24 | D        | Found the +9 heavy crossbow "Sniper" {velocity, Acc+∞ SInv}
    24 | D        | Found the +10 dark maul {crush}
    24 | D        | Found the +15 Maxwell's patent armour {-Cast -Tele rElec
                  | MR+ rCorr}
    24 | D        | Found the +18 shield of the Gong {rElec rN+ MR+ EV-5}
    24 | D        | Found the cursed +14 obsidian axe {chop, +Fly SInv *Curse}
    25 | D        | Found the +6 shillelagh "Devastator" {shatter}
    25 | D        | Found the +11 plutonium sword {*Contam Stlth-}
    25 | D        | Found the +8 lance "Wyrmbane" {slay drac, rPois rF+ rC+
                  | AC+3}
    25 | D        | Found the +9 sword of Zonguldrok {reap}
    25 | D        | Found the cursed +13 scythe of Curses {drain, *Curse}
    25 | D        | Found the +0 sword of Power
    25 | D        | Found the +7 mace of Variability {chain chaos}
    25 | D        | Found the +7 Singing Sword {slice, sonic wave}
    25 | D        | Found the +8 storm bow {elec, penet}
    87 | D        | Entered arena 2.
    87 | D        | Noticed a red draconian
    87 | D        | Noticed a draconian
    87 | D        | Found a transporter.
    93 | D        | Killed a red draconian
    93 | D        | Reached skill level 9 in Fighting
    93 | D        | Reached XP level 2. HP: 28/28 MP: 2/2
    93 | D        | Reached XP level 3. HP: 32/32 MP: 3/3
    93 | D        | Reached XP level 4. HP: 37/37 MP: 4/4
    93 | D        | Reached XP level 5. HP: 42/42 MP: 5/5
    93 | D        | Reached XP level 6. HP: 48/48 MP: 6/6
    93 | D        | Reached XP level 7. HP: 52/52 MP: 7/7
    96 | D        | Killed a draconian
    96 | D        | Reached skill level 10 in Fighting
    96 | D        | Reached skill level 10 in Armour
    96 | D        | Reached XP level 8. HP: 58/58 MP: 8/8
   101 | D        | Entered arena 3.
   101 | D        | Noticed a deep elf knight
   101 | D        | Noticed a deep elf mage
   101 | D        | Found a transporter.
   106 | D        | Killed a deep elf mage
   106 | D        | Reached ** piety under Trog
   106 | D        | Reached skill level 11 in Fighting
   106 | D        | Reached XP level 9. HP: 54/64 MP: 9/9
   112 | D        | Killed a deep elf knight
   112 | D        | Reached *** piety under Trog
   112 | D        | Reached skill level 5 in Shields
   242 | D        | Entered arena 4.
   242 | D        | Noticed a merfolk
   242 | D        | Noticed a merfolk
   242 | D        | Noticed a merfolk
   242 | D        | Noticed a merfolk
   242 | D        | Found a transporter.
   243 | D        | Found the +10 Black Knight's horse barding {ponderous,
                  | rPois rN+}
   246 | D        | Killed a merfolk
   246 | D        | Reached skill level 10 in Axes
   247 | D        | Killed a merfolk
   252 | D        | Killed a merfolk
   252 | D        | Reached **** piety under Trog
   252 | D        | Reached skill level 12 in Fighting
   253 | D        | Killed a merfolk
   261 | D        | Entered arena 5.
   261 | D        | Noticed a purple ugly thing
   261 | D        | Found a transporter.
   264 | D        | Noticed a rime drake
   264 | D        | a warg changed into a rime drake
   266 | D        | Killed a rime drake
   266 | D        | Reached XP level 10. HP: 63/71 MP: 10/10
   269 | D        | Reached ***** piety under Trog
   274 | D        | Killed a purple ugly thing
   308 | D        | Entered arena 6.
   308 | D        | Found a transporter.
   312 | D        | Received a gift from Trog
   332 | D        | Entered arena 7.
   333 | D        | Found a transporter.
   352 | D        | Entered arena 8.
   352 | D        | Noticed a +2 vampiric war axe
   352 | D        | Noticed a +2 glaive of flaming
   352 | D        | Noticed a deep elf mage
   352 | D        | Noticed a deep elf archer
   353 | D        | Found a transporter.
   356 | D        | Killed a deep elf mage
   356 | D        | Reached skill level 10 in Dodging
   356 | D        | Killed a +2 vampiric war axe
   358 | D        | Reached ****** piety under Trog
   362 | D        | Killed a deep elf archer
   362 | D        | Received a gift from Trog
   362 | D        | Reached skill level 13 in Fighting
   363 | D        | Killed a +2 glaive of flaming
   380 | D        | Got the +8 broad axe of Askac {freeze, Str+4 Int+7}
   431 | D        | Entered arena 9.
   431 | D        | Noticed a deep elf mage
   431 | D        | Noticed a deep elf mage
   431 | D        | Noticed a deep elf mage
   431 | D        | Noticed a +0 mace of protection
   431 | D        | Noticed a deep elf mage
   431 | D        | Noticed a deep elf demonologist
   432 | D        | Found a transporter.
   435 | D        | Killed a deep elf mage
   437 | D        | Killed a deep elf mage
   441 | D        | Killed a deep elf mage
   441 | D        | Received a gift from Trog
   442 | D        | Killed a deep elf demonologist
   442 | D        | Reached XP level 11. HP: 75/79 MP: 11/11
   447 | D        | Killed a deep elf mage
   482 | D        | Entered arena 10.
   483 | D        | Found a transporter.
   487 | D        | Received a gift from Trog
   502 | D        | Entered arena 11.
   503 | D        | Found a transporter.
   507 | D        | Reached skill level 10 in Shields
   508 | D        | Received a gift from Trog
   509 | D        | Reached skill level 14 in Fighting
   524 | D        | Entered arena 12.
   524 | D        | Noticed a reaper
   527 | D        | Received a gift from Trog
   530 | D        | Killed from afar by a hellion

Levels and vault maps discovered:
D:        sprint_v [room_start, room_1, room_2, room_3, room_4, room_5, room_6,
          room_7, room_8, room_9, room_10, room_11, room_12, room_13, room_14,
          room_15, room_16, room_17, room_18, room_19, room_20, room_21,
          room_22, room_23, room_24, room_25, room_26, room_27]

Skill      XL: |  1  2  3  4  5  6  7  8  9 10 11 |
---------------+----------------------------------+-----
Fighting       | 9 10 11 12 13 14 | 14.0
Axes           | 8 9 10 11 12 | 12.0
Armour         | 9 10 12 13 | 13.8
Dodging        | 7 8 9 10 11 | 11.0
Shields        | 3 6 9 10 | 10.1

Action                   |  1- 3 |  4- 6 |  7- 9 | 10-12 || total
-------------------------+-------+-------+-------+-------++-------
Melee: Broad axe         |     5 |       |    23 |    44 ||    72
Invok: Berserk           |       |       |     1 |     2 ||     3
       Trog's Hand       |       |       |       |     1 ||     1
 Stab: Distracted        |     1 |       |     1 |     1 ||     3
  Eat: Chunk             |       |       |       |     1 ||     1
Armor: Plate armour      |     5 |       |     6 |    15 ||    26
Dodge: Dodged            |       |       |       |     6 ||     6
Block: Shield            |     7 |       |    31 |    55 ||    93
